 Dungeon Crawl Stone Soup version 0.21.1-1-g345015fe64 (webtiles) character file.

741 Gargoyl the Distorting Centaur (level 7, 0/59 HPs)
             Began as a Centaur Abyssal Knight on June 20, 2018.
             Was a Believer of Lugonu.
             Slain by an ogre
             ... wielding a +0 giant club
              (3 damage)
             ... on level 4 of the Dungeon.
             The game lasted 00:09:56 (5450 turns).

Gargoyl the Distorting Centaur (CeAK)               Turns: 5450, Time: 00:09:57

Health: 0/59       AC: 15    Str: 16    XL:     7   Next: 47%
Magic:  9/10       EV:  8    Int: 16    God:    Lugonu [**....]
Gold:   283        SH:  0    Dex: 14    Spells: 6/6 levels left

rFire    + . .     SeeInvis .   a - +1 hand axe
rCold    + . .     Gourm    .   (no shield)
rNeg     . . .     Faith    .   g - +0 plate armour
rPois    +         Spirit   .   (helmet restricted)
rElec    +         Reflect  .   e - +2 cloak
rCorr    +         Harm     .   d - +1 pair of gloves
MR       .....     Clarity  +   (no barding)
Stlth    ..........             (no amulet)
HPRegen  0.19/turn              (no ring)
MPRegen  0.12/turn              (no ring)

@: brilliant, agile, resistant, flying (expiring), hasted, very quick
A: large, hooves 3, horns 1, clarity, deformed body, speed 2, tough skin 3
a: Depart the Abyss, Bend Space, Renounce Religion


You were on level 4 of the Dungeon.
You worshipped Lugonu.
Lugonu was pleased with you.
You were not hungry.

You visited 1 branch of the dungeon, and saw 5 of its levels.
You visited the Abyss 1 time.

You collected 283 gold pieces.

Inventory:

Hand Weapons
 a - a +1 hand axe (weapon)
Armour
 d - a +1 pair of gloves (worn)
 e - a +2 cloak (worn)
 g - a +0 plate armour (worn)
Scrolls
 h - 2 scrolls of remove curse
 k - a scroll of identify
 l - a scroll of magic mapping
Potions
 b - a potion of mutation
Comestibles
 c - 7 rations


   Skills:
 + Level 4.3 Fighting
 + Level 4.3 Axes
 * Level 3.9 Armour
 + Level 1.1 Dodging
 * Level 4.5 Invocations


You had 6 spell levels left.
You didn't know any spells.

Dungeon Overview and Level Annotations

Branches:
Dungeon (5/15)             Temple (0/1) D:5

Altars:
Okawaru
Vehumet


Innate Abilities, Weirdness & Mutations

You have hooves in place of feet.
Armour fits poorly on your strangely shaped body.
You cover ground very quickly.
You have extremely tough skin. (AC +3)
You have a pair of small horns on your head.
You possess an exceptional clarity of mind.


Message History

Your plate armour prevents you from hitting the centaur.
Your kick misses the centaur.
You headbutt the centaur, but do no damage.
The centaur is heavily wounded.
You hit the worker ant but do no damage.
The centaur hits you.
* * * LOW HITPOINT WARNING * * *
The worker ant bites you but does no damage.
You hit the centaur. You kick the centaur.
The centaur is almost dead.
You hit the worker ant. The centaur hits you.
* * * LOW HITPOINT WARNING * * *
Unknown command.
Space bends around you!
You blink.
The centaur wields an uncursed shortbow.
The centaur shoots an arrow.
The arrow hits you.
* * * LOW HITPOINT WARNING * * *
You are starting to lose your buoyancy.
The ogre hits you with a giant club.
You die...

###.# #..# #..♣#♣#♣#♣#♣# #.#
#.######............ #.### #a#
#.....♣.♣.♣.♣.♣. #...# #c#
#.#############.
###.####.###.# ♣♣♣#
#....).....# #♣♣♣(♣♣
#..##(.########## ♣.♣PPP.
#########..####......##♣♣.P.♣♣
#............@O........♣♣P..P♣
#############♣.♣.....#.♣♣♣..♣♣
#.#.#####..♣♣.PP♣ ♣.♣.#
##..♣..♣# #.#.# ##...## ♣.♣.#
##### #.#.# ♣.♣.# #...#


You could see an ogre.

Vanquished Creatures
  A sky beast (D:5)
  An ogre (D:5)
  2 centaurs (D:5)
  A crimson imp (D:4)
  2 bullfrog zombies (D:5)
  An orc priest (D:3)
  An orc wizard (D:3)
  Crazy Yiuf (D:2)
  4 gnolls (D:4)
  9 adders
  A shadow imp (D:5)
  An adder skeleton (D:4)
  3 worms
  2 dart slugs
  3 leopard geckos
  7 orcs
  4 giant cockroaches
  10 goblins
  9 hobgoblins
  A quokka (D:3)
  2 ball pythons (D:3)
  5 bats
  7 frilled lizards
  5 kobolds
  7 rats
90 creatures vanquished.

Vanquished Creatures (others)
  2 bushes (D:4)
2 creatures vanquished.

Grand Total: 92 creatures vanquished

Notes
Turn   | Place    | Note
-------+----------+-------------------------------------------
     0 | Abyss:1  | Gargoyl the Centaur Abyssal Knight began the quest for the Orb.
     0 | Abyss:1  | Reached XP level 1. HP: 19/19 MP: 2/2
    15 | Abyss:2  | Found a corrupted altar of Lugonu.
    30 | Abyss:2  | Found a corrupted altar of Lugonu.
    51 | Abyss:2  | Noticed a spatial vortex
    51 | Abyss:2  | Noticed a spatial vortex
    95 | Abyss:2  | Noticed a large abomination
   122 | Abyss:2  | Noticed a kobold demonologist
   124 | D:1      | Escaped the Abyss
   390 | D:1      | Reached XP level 2. HP: 20/26 MP: 3/3
   849 | D:1      | Reached * piety under Lugonu
  1172 | D:2      | Found an iron altar of Okawaru.
  1266 | D:2      | Reached XP level 3. HP: 31/31 MP: 4/4
  2144 | D:2      | Reached XP level 4. HP: 38/38 MP: 6/6
  2292 | D:2      | Found a runed door.
  2406 | D:2      | Noticed Crazy Yiuf
  2422 | D:2      | Killed Crazy Yiuf
  2422 | D:2      | Reached skill level 1 in Dodging
  3072 | D:3      | Reached XP level 5. HP: 37/45 MP: 7/7
  3094 | D:3      | Found a radiant altar of Vehumet.
  3208 | D:3      | Reached ** piety under Lugonu
  3535 | D:4      | Noticed an ogre
  3806 | D:4      | Reached XP level 6. HP: 37/52 MP: 8/8
  4448 | D:5      | Entered Level 5 of the Dungeon
  4612 | D:5      | Noticed a sky beast
  4626 | D:5      | Killed a sky beast
  4626 | D:5      | Reached XP level 7. HP: 39/58 MP: 10/10
  5283 | D:5      | Gained mutation: You possess an exceptional clarity of mind. [potion of mutation]
  5283 | D:5      | Gained mutation: You have a pair of small horns on your head. [potion of mutation]
  5415 | D:5      | Found a staircase to the Ecumenical Temple.
  5446 | D:4      | HP: 2/59 [centaur/arrow (3)]
  5450 | D:4      | Slain by an ogre

Skill      XL: |  1  2  3  4  5  6  7 |
---------------+----------------------+-----
Axes           | 2 3 4 |  4.3
Armour         | 2 3 |  3.9
Dodging        | 1 |  1.1
Invocations    | 3 4 |  4.5
Fighting       | 4 |  4.3

Action                   |  1- 3 |  4- 6 |  7- 9 || total
-------------------------+-------+-------+-------++-------
Melee: Hand axe          |   110 |   264 |    47 ||   421
       Kick              |    16 |    47 |    11 ||    74
       Headbutt          |       |       |     8 ||     8
Invok: Depart the Abyss  |     1 |       |       ||     1
       Bend Space        |       |       |     1 ||     1
  Use: Scroll            |     5 |     2 |       ||     7
       Potion            |       |     2 |     9 ||    11
  Eat: Chunk             |     2 |     4 |       ||     6
       Ration            |       |     1 |     1 ||     2
Armor: Leather armour    |    18 |       |       ||    18
       Plate armour      |    70 |   251 |    45 ||   366
       Skin              |       |     7 |       ||     7
Dodge: Dodged            |    24 |    38 |    18 ||    80
